 Dungeon Crawl Stone Soup version 0.29-a0-719-g0fec994a2d (webtiles) character file.

Game seed: 10176509823858992142

2624 Garessta the Basher (level 10, -1/90 HPs)
             Began as a Meteoran Fighter on June 27, 2022.
             Succumbed to a water moccasin's poison
             ... on level 7 of the Dungeon.
             The game lasted 00:21:10 (2439 turns).

Garessta the Basher (Meteoran Fighter)              Turns: 2439, Time: 00:21:10

Health: -1/90      AC: 15    Str: 20 (21) XL:     10   Next: 14%
Magic:  11/11      EV:  7    Int: 10 (11) God:
Gold:   198        SH:  5    Dex: 13 (14) Spells: 9/9 levels left

rFire   . . .      SeeInvis .   n - +1 flail (vorpal)
rCold   . . .      Faith    .   c - +0 buckler
rNeg    . . .      Spirit   .   f - +1 storm dragon scales
rPois   .          Reflect  .   (no helmet)
rElec   +          Harm     .   v - scarf {repulsion}
rCorr   .          Rampage  .   (no gloves)
Will    +....                   e - +2 pair of boots
Stlth   ..........              l - amulet of magic regeneration
HPRegen 0.25/turn               j - ring of wizardry
MPRegen 0.52/turn               (no ring)

@: lethally poisoned (-1 -> -30), glowing, repel missiles
A: sense surroundings 2, otherworldly, glowing, explore regen
a: no special abilities


You were on level 7 of the Dungeon.
You visited 1 branch of the dungeon, and saw 8 of its levels.

You collected 258 gold pieces.
You spent 60 gold pieces at shops.

Inventory:

Hand Weapons
 a - a +0 flail
 n - a +1 vorpal flail (weapon)
Armour
 c - a +0 buckler (worn)
 e - a +2 pair of boots (worn)
 f - +1 storm dragon scales (worn)
 q - a +0 cloak
 v - a scarf of repulsion (worn)
Jewellery
 j - a ring of wizardry (left hand)
 l - an amulet of magic regeneration (around neck)
Wands
 t - a wand of iceblast (8)
 u - a wand of flame (10)
Scrolls
 k - 2 scrolls of teleportation
Potions
 b - 2 potions of brilliance
 d - 5 potions of might
 g - a potion of berserk rage
 h - a potion of resistance
 i - 4 potions of lignification


   Skills:
 + Level 8.7 Fighting
 * Level 13.6 Maces & Flails
 - Level 3.6 Armour
 - Level 3.6 Shields


You had 9 spell levels left.
You didn't know any spells.
Your spell library contained the following spells:

 Spells                   Type           Power      Damage    Failure   Level
 Call Canine Familiar     Summ           0%         N/A       99%         3
 Frozen Ramparts          Ice            0%         1d2       99%         3
 Portal Projectile        Hex/Tloc       0%         N/A       99%         3
 Ice Form                 Ice/Tmut       0%         N/A       100%        4
 Leda's Liquefaction      Hex/Erth       0%         N/A       100%        4
 Summon Ice Beast         Ice/Summ       0%         N/A       100%        4
 Summon Mana Viper        Hex/Summ       0%         N/A       100%        5
 Monstrous Menagerie      Summ           0%         N/A       100%        7


Dungeon Overview and Level Annotations

Branches:
Dungeon (8/15) Zot: 2340
 Temple: D:4-7         Lair: D:8-11

Altars:
Gozag
Yredelemnul

Shops:
D:1 *

Annotations:
D:7 5 runed translucent doors, zebulonius's ghost, novice MiBe


Innate Abilities, Weirdness & Mutations

You passively map the area around you.
You are easily found by Zot.
You glow in the dark.
You regain HP and MP as you explore.


Message History

You closely miss the redback.
You feel sick.
The redback bites you but does no damage. x2
You hit the redback.
The redback is lightly wounded.
You feel sick. The redback bites you!
You are more poisoned.
The redback poisons you!
You thump the redback!
The redback is severely wounded.
* * * LOW HITPOINT WARNING * * *
You feel very sick. The redback bites you.
* * * LOW HITPOINT WARNING * * *
You bludgeon the redback!!
You kill the redback!
* * * LOW HITPOINT WARNING * * *
You feel very sick.
You feel your dexterity returning.
You hit the water moccasin but do no damage.
* * * LOW HITPOINT WARNING * * *
You feel very sick.
The water moccasin bites you but does no damage.
You sock the water moccasin!
The water moccasin is heavily wounded.
You feel very sick.
The water moccasin bites you but does no damage. x2
You closely miss the water moccasin.
The water moccasin is heavily wounded.
You feel less wooden.
Your scarf of repulsion unmelds from your body.
Your +2 pair of boots unmelds from your body.
Your +1 storm dragon scales unmelds from your body.
You are surrounded by a repulsion field.
* * * LOW HITPOINT WARNING * * *
You feel very sick. The water moccasin bites you.
* * * LOW HITPOINT WARNING * * *
You are more poisoned.
The water moccasin poisons you!
You die...

#. ##, yyyyy##...# #..#
#.##+# yyy##+##..# #..#
#.#...#####...#..# #..#
#.#....#!#....#..# #..#
#.#....#!#....#..###..###
#.#....'sS....#..........
#.##,s.#S#...##..#.......
#..###s#.#S###...#..#####
##...###@###...#.#..#.WoO
###.........###.#..#....
#######...# #....#....
###........#....
###.###..#.... .# *..* ,
*, . ,*,,, *## * * ,


You could see a water moccasin, a scorpion, 3 killer bees and an adder.

Vanquished Creatures
  4 redbacks (D:7)
  Edmund (D:4)
  2 water moccasins (D:7)
  A black bear (D:6)
  2 sky beasts (D:7)
  2 ogres
  3 centaurs
  A kobold brigand (D:7)
  A bullfrog (D:6)
  A necrophage (D:4)
  A gnoll sergeant (D:6)
  3 scorpions
  3 wights
  2 howler monkeys
  2 hounds (D:5)
  An orc priest (D:6)
  3 jellies
  An iguana (D:5)
  An orc wizard (D:6)
  8 gnolls (D:6)
  5 adders
  A white imp (D:4)
  An ufetubus (D:5)
  4 dart slugs
  12 orcs
  5 bats
  3 endoplasms
  2 giant cockroaches
  2 goblins
  9 hobgoblins
  9 kobolds
  7 ball pythons
  4 frilled lizards
  A rat (D:1)
108 creatures vanquished.

Vanquished Creatures (others)
  4 plants (D:7)
4 creatures vanquished.

Grand Total: 112 creatures vanquished

Notes
Turn   | Place    | Note
-------+----------+-------------------------------------------
     0 | D:1      | Garessta the Meteoran Fighter began the quest for the Orb.
     0 | D:1      | Reached XP level 1. HP: 19/19 MP: 2/2
    92 | D:2      | Reached skill level 3 in Maces & Flails
   111 | D:3      | Reached XP level 2. HP: 24/26 MP: 3/3
   195 | D:1      | Found Fashonlai's General Store.
   201 | D:1      | Bought a potion of lignification for 36 gold pieces
   201 | D:1      | Bought a scroll of identify for 24 gold pieces
   337 | D:1      | Reached XP level 3. HP: 27/31 MP: 4/4
   475 | D:1      | Reached skill level 4 in Maces & Flails
   509 | D:2      | Found a faded altar of an unknown god.
   712 | D:4      | Reached XP level 4. HP: 38/40 MP: 5/5
   742 | D:4      | Reached skill level 5 in Maces & Flails
   758 | D:3      | Reached XP level 5. HP: 41/46 MP: 6/6
   867 | D:3      | You fall into a shaft and drop 3 floors!
   945 | D:5      | Entered Level 5 of the Dungeon
   957 | D:5      | Reached skill level 6 in Maces & Flails
  1049 | D:4      | Noticed an ogre
  1104 | D:4      | Reached XP level 6. HP: 53/53 MP: 7/7
  1233 | D:4      | Killed an ogre
  1234 | D:4      | Reached skill level 5 in Fighting
  1234 | D:4      | Reached skill level 7 in Maces & Flails
  1285 | D:4      | Noticed Edmund
  1304 | D:4      | Killed Edmund
  1305 | D:4      | Reached XP level 7. HP: 35/61 MP: 8/8
  1309 | D:4      | Reached skill level 8 in Maces & Flails
  1557 | D:5      | Reached XP level 8. HP: 70/70 MP: 9/9
  1642 | D:6      | Reached skill level 9 in Maces & Flails
  1797 | D:6      | Reached skill level 10 in Maces & Flails
  1863 | D:7      | Found a runed translucent gate.
  1863 | D:7      | Found a runed translucent gate.
  1886 | D:6      | Gained mutation: You passively map the area around you.
                  | [Meteoran growth]
  1886 | D:6      | Reached XP level 9. HP: 58/79 MP: 10/10
  1914 | D:6      | Reached skill level 11 in Maces & Flails
  1962 | D:7      | Found a runed translucent gate.
  2028 | D:7      | Found a basalt altar of Yredelemnul.
  2040 | D:7      | Found an opulent altar of Gozag.
  2144 | D:7      | Reached skill level 12 in Maces & Flails
  2325 | D:7      | Noticed zebulonius's ghost (novice MiBe)
  2341 | D:7      | Found a runed translucent door.
  2343 | D:7      | Found a runed translucent gate.
  2348 | D:7      | Found the +9 staff of Olgreb {rPois∞}
  2356 | D:7      | Found a runed translucent gate.
  2368 | D:7      | Found a runed translucent gate.
  2382 | D:7      | Found a runed translucent door.
  2413 | D:7      | Reached skill level 13 in Maces & Flails
  2429 | D:7      | Reached XP level 10. HP: 60/90 MP: 11/11
  2439 | D:7      | Succumbed to a water moccasin's poison

Illustrated notes

Levels and vault maps discovered:
D:1:      nicolae_arrival_somewhat_less_tricky_arrival, layout_basic,
          serial_shops, nicolae_shop_waterfront, minmay_pentomino_v2
D:2:      layout_rooms, ebering_ecumenical_altar_box, minmay_box_of_dots
D:3:      layout_rooms
D:4:      layout_loops_corners, uniq_edmund
D:5:      layout_rooms, dk_noncrumbling_4, serial_bayou_lagoon_a
D:6:      layout_cave_pods
D:7:      wander_river, layout_loops_ring, minitemple,
          minmay_temple_entry_overgrown, gammafunk_ghost_split,
          minmay_guarded_unrand_staff_of_olgreb
D:8:      layout_rooms, hellmonk_guarded_unrand_vitality_bloodlust, uniq_joseph

Skill      XL: |  1  2  3  4  5  6  7  8  9 |
---------------+----------------------------+-----
Maces & Flails | 3 4 5 6 7 8 10 13 | 13.6
Fighting       | 4 5 7 8 |  8.7
Armour         | |  3.6
Shields        | |  3.6

Action                   |  1- 3 |  4- 6 |  7- 9 | 10-12 || total
-------------------------+-------+-------+-------+-------++-------
Melee: Flail             |    92 |    87 |   221 |    10 ||   410
  Use: Scroll            |       |     7 |     5 |       ||    12
       Potion            |       |     1 |     4 |       ||     5
Armor: Scale mail        |    24 |       |       |       ||    24
       Storm dragon scal |    50 |    40 |    92 |       ||   182
       Skin              |       |       |    24 |     7 ||    31
Dodge: Dodged            |    33 |    24 |    47 |       ||   104
Block: Buckler           |    30 |    19 |    44 |       ||    93

Table legend: (Time is in decaauts)
 A = Elapsed time spent in this place.
 B = Non-inter-level travel time spent in this place.
 C = Inter-level travel time spent in this place.
 D = Time resting spent in this place.
 E = Time spent auto-exploring this place.
 F = Levels seen in this place.
 G = Mean time per level.
                   A        B        C        D        E       F      G
               +--------+--------+--------+--------+--------+-----+--------+
         Total |   2459 |   2289 |    170 |      0 |     67 |   8 |  307.4 |
       Dungeon |   2459 |   2289 |    170 |      0 |     67 |   8 |  307.4 |
               +--------+--------+--------+--------+--------+-----+--------+

Top non-repeatable levels by time:
     D:7: 486 daAuts
     D:4: 474 daAuts
     D:6: 372 daAuts
     D:2: 315 daAuts
     D:1: 310 daAuts
     D:3: 250 daAuts
     D:5: 216 daAuts
     D:8: 34 daAuts
